Map: Terraform LE (Void)

Players

TheFatKid - Winner!

  • Race: Zerg Zerg
  • League: Grandmaster

wabbajack

  • Race: Terran Terran
  • League: Grandmaster

VOD

Have the link to the VOD?

Description

Time

  • Played on: July 14, 2015, 10:16 a.m.
  • Length: 7:45
Show
View Real Time Build Order
Export as new Build Order

TheFatKid Zerg - Winner!

Build Orders: Hatch First 

Get SALT Encoding   

  12  0:01  Drone  
  13  0:13  Overlord  
  13  0:18  Drone  
  14  0:31  Drone x2  
  16  0:36  Drone  
  17  0:54  Hatchery  
  16  1:02  Extractor  
  16  1:03  Drone  
  16  1:04  Drone  
  17  1:18  Spawning Pool  
  16  1:31  Drone x3  
  19  1:45  Overlord  
  19  2:05  Queen  
  19  2:08  Drone x3  
  24  2:09  Queen  
  24  2:13  Metabolic Boost  
  26  2:20  Zergling x2  
  26  2:21  Zergling x2  
  28  2:26  Zergling x2  
  28  2:29  Drone  
  30  2:53  Zergling x2  
  30  2:54  Zergling x6  
  30  2:57  Baneling Nest  
  33  3:01  Zergling x4  
  35  3:15  Drone  
  36  3:26  Overlord x2  
  36  3:27  Overlord  
  36  3:38  Spore Crawler  
  35  3:41  Spore Crawler  
  35  3:43  Lair  
  35  3:46  Zergling x6  
  35  3:47  Zergling x8  
  41  3:53  Drone x3  
  44  3:56  Drone  
  44  3:59  Drone  
  44  4:01  Drone  
  47  4:04  Drone  
  48  4:18  Queen  
  50  4:24  Baneling x4  
  41  4:35  Zergling x16  
  44  4:44  Roach Warren  
  41  5:01  Spine Crawler  
  41  5:03  Spine Crawler x2  
  38  5:11  Drone x5  
  38  5:12  Drone x2  
  45  5:15  Extractor  
  45  5:17  Extractor  
  43  5:24  Evolution Chamber  
  43  5:27  Glial Reconstitution  
  42  5:29  Roach x2  
  36  5:42  Zergling x2  
  37  5:43  Zergling x12  
  41  6:00  Zergling x2  
  41  6:01  Zergling x10  
  40  6:13  Queen  
  40  6:14  Drone  
  40  6:15  Drone  
  38  6:46  Roach x4  
  48  6:47  Roach x2  
  48  6:48  Ravager  
  48  6:49  Ravager  
  50  6:58  Baneling x3  
  50  7:13  Zergling x12  
Show
View Real Time Build Order
Export as new Build Order

wabbajack Terran 

Build Orders:  

Get SALT Encoding   

  12  0:01  SCV  
  13  0:13  SCV  
  14  0:19  Supply Depot  
  14  0:25  SCV  
  15  0:40  SCV  
  15  0:42  Barracks  
  16  0:45  Refinery  
  16  0:53  SCV  
  17  1:05  SCV  
  17  1:06  Barracks  
  18  1:17  SCV  
  19  1:30  Supply Depot, Orbital Command  
  19  1:38  Barracks Reactor  
  19  1:45  Refinery  
  19  1:57  Marine  
  20  2:11  SCV  
  21  2:16  Marine x2  
  23  2:23  SCV, Factory  
  24  2:34  Supply Depot  
  24  2:35  SCV, Marine x2  
  27  2:39  Barracks Reactor  
  27  2:47  SCV  
  28  2:56  Marine x2  
  30  2:59  SCV  
  30  3:04  Supply Depot  
  31  3:11  SCV  
  32  3:14  Marine x2  
  32  3:15  Armory  
  34  3:30  Barracks Tech Lab  
  34  3:32  Hellion  
  34  3:33  Hellion  
  38  3:34  Marine x2  
  38  3:38  SCV  
  38  3:39  Supply Depot  
  41  3:50  SCV  
  41  3:52  Marine x2  
  41  3:54  Combat Shields, Hellion  
  46  4:01  Marauder  
  46  4:02  Supply Depot  
  42  4:38  SCV  
  42  4:44  Command Center  
  42  4:50  SCV  
  43  4:59  Marine  
  43  5:00  Marine  
  43  5:02  SCV, Hellion x2  
  50  5:16  Marauder  
  27  6:12  Marine x2  
  27  6:13  Hellbat  
  27  6:14  Marauder, Hellbat  
  27  6:17  Orbital Command  
  35  6:18  SCV  
  36  6:25  Hellion  
  36  6:27  Hellion  
  36  6:28  Command Center  
  36  6:31  SCV  
  31  6:48  Marine x2  
  31  6:49  Hellbat x2  
  31  6:50  Marauder  
  39  7:02  Engineering Bay  
  39  7:07  Engineering Bay  
  37  7:21  Marauder, Marine x2  
Tags
 
Add a new tag
Caveats
  • Supply blocks, unpowered buildings, or Contaminate may cause inaccurate times.
  • Supply counts are checked every 10 seconds.